 Dungeon Crawl Stone Soup version 0.19-a0-1155-gb6eeeff (webtiles) character file.

277 Dominolapin the Covered (level 6, 0/56 HPs)
             Began as a Hill Orc Fighter on Aug 13, 2016.
             Slain by Grinder (3 damage)
             ... on level 4 of the Dungeon.
             The game lasted 00:06:14 (2573 turns).

Dominolapin the Covered (Hill Orc Fighter)          Turns: 2573, Time: 00:06:15

Health: 0/56       AC:  9    Str: 19    XL:     6   Next: 26%
Magic:  6/6        EV: 14    Int:  9    God:
Gold:   138        SH:  0    Dex: 20    Spells: 0 memorised, 5 levels left

rFire  . . .     SeeInvis .     a - +0 war axe
rCold  . . .     Gourm    .     b - +1 scale mail
rNeg   . . .     Faith    .     (no shield)
rPois  .         Spirit   .     (no helmet)
rElec  .         Dismiss  .     r - +0 cloak
rCorr  .         Reflect  .     (no gloves)
MR     .....     Harm     .     (no boots)
Stlth  +.........               (no amulet)
                                (no ring)
                                d - +4 ring of dexterity

@: agile, invisible
A: no striking features
a: no special abilities


You were on level 4 of the Dungeon.
You were not hungry.

You visited 1 branch of the dungeon, and saw 4 of its levels.

You collected 138 gold pieces.

Inventory:

Hand Weapons
 a - a +0 war axe (weapon)
Armour
 b - a +1 scale mail (worn)
 r - a +0 cloak (worn)
Jewellery
 d - a +4 ring of dexterity (left hand)
Scrolls
 k - 2 scrolls of teleportation
 l - 3 scrolls of identify
 n - a scroll of enchant weapon {unknown}
 o - 2 scrolls of recharging
 p - a scroll of magic mapping
Potions
 m - a potion of haste {unknown}
Comestibles
 f - 3 bread rations
 g - a meat ration
 q - a fruit
 s - 2 chunks of flesh


   Skills:
 + Level 5.1 Fighting
 + Level 4.9 Axes
 + Level 5.5 Armour
   Level 3.4 Shields


You had 5 spell levels left.
You didn't know any spells.

Dungeon Overview and Level Annotations

Branches:
Dungeon (4/15)
 Temple: D:4-7

Altars:
Gozag
Okawaru
Sif Muna
Uskayaw
Yredelemnul
The Shining One

Annotations:
D:4 Grinder


Message History

Grinder is heavily wounded.
You hit the howler monkey.
The howler monkey hits you but does no damage.
Grinder barely misses you.
You hit Grinder but do no damage.
Grinder is heavily wounded.
You barely miss the howler monkey. The howler monkey barely misses you.
Grinder closely misses you. The howler monkey hits you.
* * * LOW HITPOINT WARNING * * *
You barely miss Grinder.
Grinder is heavily wounded.
You closely miss the howler monkey.
The howler monkey hits you but does no damage.
Grinder gestures at you. Pain shoots through your body!
* * * LOW HITPOINT WARNING * * *
It was a potion of invisibility.
You fade into invisibility!
The howler monkey misses you. Grinder hits you.
You die...

#......##..###
#.............
#.....$.).....
#.............
#.............
#............. #<....#
#......##..##+###.....#
##....h##..##..##$....#
.##...5@...............#
.......................#
............##. #.....#
########....###+##.....#
###..##.........# #####
####'##.........' #)..#
#....######...### #...#
#....##..##...#.. #.[.#
#.....<...#...#..


You could see Grinder and a howler monkey.

Vanquished Creatures
  The ghost of Dominolapin the Covert, an amateur SpEn (D:3)
  A hound (D:3)
  Crazy Yiuf (D:4)
  A centaur skeleton (D:4)
  2 adders (D:2)
  An adder skeleton (D:2)
  A worm (D:3)
  3 dart slugs
  4 giant geckos
  2 orcs (D:3)
  5 bats
  A bat skeleton (D:2)
  A bat zombie (D:2)
  2 giant cockroaches
  6 goblins
  5 hobgoblins
  3 jackals (D:2)
  3 quokkas
  A ball python skeleton (D:2)
  A giant gecko zombie (D:2)
  2 giant newts
  5 kobolds
  7 rats
  A spectral orc (D:3)
60 creatures vanquished.

Notes
Turn   | Place    | Note
-------+----------+-------------------------------------------
     0 | D:1      | Dominolapin the Hill Orc Fighter began the quest for the Orb.
     0 | D:1      | Reached XP level 1. HP: 19/19 MP: 1/1
    56 | D:1      | Reached XP level 2. HP: 26/27 MP: 2/2
   428 | D:1      | Reached XP level 3. HP: 21/33 MP: 3/3
   689 | D:2      | Found a glowing golden altar of the Shining One.
   698 | D:2      | Found an iron altar of Okawaru.
   702 | D:2      | Found an opulent altar of Gozag.
   703 | D:2      | Found a deep blue altar of Sif Muna.
   945 | D:2      | Reached XP level 4. HP: 41/41 MP: 4/4
  1040 | D:2      | Found a hide-covered altar of Uskayaw.
  1606 | D:3      | Noticed Dominolapin's ghost (amateur SpEn)
  1628 | D:3      | Killed Dominolapin's ghost
  1628 | D:3      | Reached skill level 5 in Armour
  1628 | D:3      | Reached XP level 5. HP: 36/47 MP: 5/5
  1826 | D:3      | Found a basalt altar of Yredelemnul.
  1902 | D:3      | Reached skill level 5 in Fighting
  2374 | D:4      | Found a runed door.
  2490 | D:4      | Noticed Crazy Yiuf
  2495 | D:4      | Killed Crazy Yiuf
  2495 | D:4      | Reached XP level 6. HP: 38/56 MP: 6/6
  2548 | D:4      | Noticed Grinder
  2573 | D:4      | Slain by Grinder

Vault maps used:
D:1:      dpeg_arrival_boxes_within_box, minmay_small_reverse_x
D:2:      minitemple, overflow_temple_1_default, serial_undead, serial_undead_a,
          serial_undead_a, serial_undead_c, serial_undead_a, serial_undead_b,
          serial_undead_f
D:3:      yredelemnul_forgotten_temple_becter
D:4:      kennysheep_kobold_camp, first_bread, serial_shops, shop,
          trog_three_pillars_becter, uniq_grinder, uniq_purgy,
          uniq_crazy_yiuf_cottage

Skill      XL: |  1  2  3  4  5 |
---------------+----------------+-----
Fighting       | 4 5 |  5.1
Axes           | 3 4 |  4.9
Armour         | 4 5 |  5.5
Shields        | |  3.4

Action                   |  1- 3 |  4- 6 || total
-------------------------+-------+-------++-------
Melee: War axe           |   101 |   122 ||   223
  Use: Scroll            |     5 |     3 ||     8
       Potion            |       |     5 ||     5
  Eat: Chunk             |       |     6 ||     6
Armor: Scale mail        |    58 |    93 ||   151
Dodge: Dodged            |    59 |    77 ||   136
Block: Shield            |     5 |       ||     5
